AoeStats
← murad.cr7

Migration

505546276Analyzed
1v1 RM · 21d ago on Sep 9, 2026· 30m 45s· 2 players
Game mode
Random Map
Map size
132×132
Population
200
Speed
Normal
Resources
Standard
Victory
Conquest
Starting age
Dark Age
Ending age
Imperial Age
RankedLock teamsTeams togetherTeam positionsShared explorationLock speedFull tech treeHidden civsTurbo modeCheats
Victory
Defeat
🇺🇸 Bengalis · United States
983
+15
🇦🇿 Burgundians · Azerbaijan
955
-44
murad.cr7
10:20 Feudal Age
14:01 Horse Collar
23:10 Castle Age
28:25 Heavy Plow
Heebers
11:03 Feudal Age
11:29 Double-Bit Axe
17:59 Castle Age
19:29 Bow Saw
19:57 Fishing Lines
20:39 Loom
21:12 Gillnets
22:04 Medium Warships
23:03 Town Watch
25:41 Wheelbarrow
28:15 Imperial Age
26:43 Town Patrol
28:38 Hand Cart
29:13 Gold Mining
29:13 Stone Mining
29:39 Careening
31:47 Chemistry
30:54 Siege Engineers
Connection lost

Rejoining the realm…

Still unreachable

The connection could not be restored.

Session expired

The server has moved on; the page needs a fresh start.